 Dungeon Crawl Stone Soup version 0.31-a0-632-g766dd24fdf (webtiles) character file.

Game seed: 15650589216707099048

24525 javelincjr the Mimic (level 12, -3/107 HPs)
             Began as a Troll Shapeshifter on Aug 25, 2023.
             Was an Elder of Hepliaklqana.
             Slain by an orc warrior
             ... wielding a +0 trident
             ... led by an orc warlord
              (15 damage)
             ... on level 12 of the Dungeon.
             The game lasted 01:04:25 (10144 turns).

javelincjr the Mimic (Troll Shapeshifter)          Turns: 10144, Time: 01:04:26

Health: -3/107     AC: 12    Str: 30    XL:     12   Next: 81%
Magic:  15/15      EV: 12    Int:  4    God:    Hepliaklqana [****..]
Gold:   611        SH:  0    Dex: 10    Spells: 11/11 levels left

rFire   . .          .
                       - Unarmed
rCold   . . .        (shield currently unavailable)
rNeg    . . .        R - +0 troll leather armour
rPois   .            (helmet restricted)
rElec   .            m - +2 cloak
rCorr   .            (gloves unavailable)
SInv    .            (boots unavailable)
Will    .....        (no amulet)
Stlth   +            S - ring of flight
HPRegen 1.97/turn    v - +4 ring of protection
MPRegen 0.14/turn

%: no passive effects
@: flux-form, flying, glowing
A: glow, contaminating, reduced essence, large, unfitting armour, claws 3,
regeneration 1, shaggy fur 1, tough skin 1
a: Begin Untransformation, Renounce Religion, Recall Ancestor, Ancestor
Identity, Transference, Idealise


You were on level 12 of the Dungeon.
You worshipped Hepliaklqana.
Hepliaklqana was greatly pleased with you.
You were something dangerously unstable.
You visited 3 branches of the dungeon, and saw 14 of its levels.
You also visited: Bailey.

You collected 661 gold pieces.
You spent 50 gold pieces at shops.

Inventory:

Hand Weapons
 h - a +2 dagger of chaos
 s - a +4 spear
 u - a +2 short sword of flaming
 x - a +2 dagger of draining
 F - a +2 long sword of draining
 J - a +0 halberd
 K - a +5 spear of flaming
 P - a +1 flail of holy wrath
Missiles
 O - 25 poisoned darts (quivered)
 Q - a throwing net
 X - 10 large rocks
Armour
 a - a +0 animal skin
 i - +0 steam dragon scales
 m - a +2 cloak (worn)
 y - a +0 kite shield
 B - a +1 robe of cold resistance
 R - a +0 troll leather armour (worn)
 U - a scarf of invisibility
 Z - +0 acid dragon scales
Jewellery
 j - a +6 ring of intelligence
 p - a ring of positive energy
 v - a +4 ring of protection (right claw)
 S - a ring of flight (left claw)
 W - a ring of ice
Talismans
 c - a beast talisman
 d - a flux talisman (active)
Wands
 f - a wand of digging (2)
 w - a wand of flame (42)
 C - a wand of light (3)
 E - a wand of polymorph (7)
 Y - a wand of charming (3)
Scrolls
 q - a scroll of butterflies
 r - 5 scrolls of teleportation
 t - 2 scrolls of torment
 A - 3 scrolls of immolation
 G - 2 scrolls of enchant weapon
 M - a scroll of revelation
 N - a scroll of fear
 T - a scroll of amnesia
 V - a scroll of vulnerability
Potions
 b - 3 potions of lignification
 e - 6 potions of heal wounds
 g - 3 potions of invisibility
 k - 4 potions of might
 l - 7 potions of curing
 n - 4 potions of attraction
 o - 4 potions of brilliance {unknown}
 z - 5 potions of resistance {unknown}
 D - a potion of mutation {unknown}
 H - 2 potions of berserk rage {unknown}
 I - 2 potions of degeneration {unknown}
 L - 6 potions of ambrosia


   Skills:
 + Level 8.0 Fighting
 + Level 2.2 Armour
 + Level 8.2 Dodging
 + Level 2.5 Shields
 + Level 9.9 Unarmed Combat
 + Level 6.5 Invocations
 + Level 1.3 Evocations
 * Level 11.4 Shapeshifting


You had 11 spell levels left.
You didn't know any spells.
Your spell library contained the following spells:

 Spells                   Type           Power      Damage    Failure   Level
 Magic Dart               Conj           0%         1d3       54%         1
 Slow                     Hex            0%         N/A       54%         1
 Blink                    Tloc           0%         N/A       67%         2
 Lesser Beckoning         Tloc           0%         N/A       67%         2
 Poisonous Vapours        Pois/Air       0%         N/A       67%         2
 Searing Ray              Conj           0%         2d4       67%         2
 Wereblood                Tmut           0%         N/A       67%         2
 Dazzling Flash           Conj/Hex       0%         N/A       88%         3
 Gell's Gravitas          Tloc           0%         N/A       88%         3
 Mephitic Cloud           Conj/Pois/Air  0%         N/A       88%         3
 Portal Projectile        Hex/Tloc       0%         N/A       88%         3
 Teleport Other           Tloc           0%         N/A       88%         3
 Animate Dead             Necr           0%         N/A       99%         4
 Cause Fear               Hex            0%         N/A       99%         4
 Fulminant Prism          Conj/Hex       0%         3d5       99%         4
 Manifold Assault         Tloc           0%         N/A       99%         4
 Agony                    Necr           0%         N/A       100%        5
 Borgnjor's Vile Clutch   Necr/Erth      0%         N/A       100%        5
 Freezing Cloud           Conj/Ice/Air   0%         6-21      100%        5
 Irradiate                Conj/Tmut      0%         3d11      100%        5
 Silence                  Hex/Air        0%         N/A       100%        5
 Death Channel            Necr           0%         N/A       100%        6
 Chain Lightning          Conj/Air       0%         N/A       100%        9
 Fire Storm               Conj/Fire      0%         5d1       100%        9
 Shatter                  Erth           0%         3d5*      100%        9


Dungeon Overview and Level Annotations

Branches:
Dungeon (12/15)            Temple (1/1) D:6            Lair (0/5) D:9
    Orc (1/2) D:12         Bailey (visited)

Altars:
Ashenzari
Cheibriados
Dithmenos
Elyvilon
Fedhas
Gozag
Hepliaklqana
Kikubaaqudgha
Makhleb
Nemelex Xobeh
Okawaru
Qazlal
Ru
Sif Muna
Trog
Uskayaw
Vehumet
Wu Jian
Xom
Yredelemnul
Zin
The Shining One
Jiyva

Shops:
D:6 (**![   D:8 [   D:10 !   D:12 :


Innate Abilities, Weirdness & Mutations

You are something dangerously unstable.
You glow with magical radiation, making you easy to see and hit.
Foes you strike become dangerously contaminated with magical radiation.
You are incapable of wielding weapons or throwing items.
Your life essence is reduced to manifest your ancestor. (-10% HP)
You are too large for most types of armour.
You have claws for hands.
Your natural rate of healing is unusually fast.
You are covered in fur. (AC +1)
You have tough skin. (AC +1)


Message History

The orc warlord hits you but does no damage.
Khabaw hits the orc warlord with a +0 quarterstaff!
You completely miss the orc warlord.
The orc warlord is heavily wounded.
The orc warrior hits you from afar with a +0 trident!
The orc barely misses you.
The orc warrior hits you but does no damage.
The orc warlord hits you with a +0 long sword.
Khabaw hits the orc warlord with a +0 quarterstaff!
You scratch the orc warlord.
The orc warlord begins to glow.
The orc warlord is severely wounded.
The orc warrior closely misses you. The orc hits you with a +0 mace.
The orc warrior hits you with a +0 short sword.
The orc warlord closely misses you.
Khabaw hits the orc warlord with a +0 quarterstaff!
You mangle the orc warlord!!
The orc warlord glows dangerously bright.
The orc warlord is almost dead.
The orc warrior completely misses you. The orc misses you.
The orc warrior hits you but does no damage.
The orc warlord hits you with a +0 long sword!
You scratch the orc warlord.
The orc warlord shudders as magic cascades through it!
The orc warlord twists and deforms.
The orc warlord is almost dead.
Khabaw hits the orc warlord with a +0 quarterstaff!
The orc warlord dies!
You claw the orc!
You kill the orc!
The orc warrior hits you from afar with a +0 trident!
* * * LOW HITPOINT WARNING * * *
The orc warrior hits you but does no damage.
You barely miss the orc warrior.
The orc warrior hits you from afar with a +0 trident!!
* * * LOW HITPOINT WARNING * * *
The orc warrior barely misses you. The orc hits you but does no damage.
Khabaw hits the orc warrior with a +0 quarterstaff!
You closely miss the orc warrior.
The orc warrior hits you from afar with a +0 trident!
You die...

########## #........# #........#
###........# ...........#
###.############## #.#
#......)oB## ##.## #.....#.o).#
##...###....##.Ro.#
.'...'......####..# ##...#.#....#
#.#######
....##.##.######.......##########
.......................'.........
###.##.###.##.##.......########.#
#........##.##........)....##.#


You could see the friendly Khabaw the battlemage, 2 orc warriors and an orc
(strong).

Vanquished Creatures
  Snorg (D:10)
  A boulder beetle (D:11)
  The ghost of wormstring the Mimic, a novice DrSh (D:9)
  4 two-headed ogres
  Nergalle (D:10)
  Pikel (D:6)
  An ugly thing (D:12)
  A cyclops (D:12)
  6 gargoyles
  A kobold demonologist (D:12)
  3 trolls
  A hornet (D:9)
  2 shadows
  2 wyverns
  A wraith (D:7)
  Sigmund (D:6)
  15 yaks
  2 basilisks (D:9)
  2 steam dragons
  3 vampire mosquitoes (D:10)
  Grum (D:8)
  4 acid dragons
  A warg (D:12)
  2 water moccasins (D:9)
  3 black bears
  4 orc warriors
  2 wolves (D:8)
  The ghost of justen the Insei, an amateur GnSh of Lugonu (D:3)
  5 centaurs
  3 phantoms
  2 bullfrogs
  2 kobold brigands
  7 gnoll sergeants
  A scorpion (D:6)
  15 wights
  26 killer bees
  4 howler monkeys
  3 wolf zombies (Bailey)
  6 vampire bats (Bailey)
  12 hounds
  5 jellies
  A gnoll bouda (D:5)
  An orc priest (D:8)
  3 iguanas
  Terence (D:3)
  5 orc wizards
  29 gnolls
  7 adders
  2 ufetubi
  A worm (D:2)
  3 dart slugs
  22 orcs
  9 endoplasms
  4 giant cockroaches
  11 goblins
  6 hobgoblins
  5 quokkas
  3 ball pythons
  5 bats
  2 frilled lizards
  16 kobolds
  19 orc zombies (Bailey)
  3 rats (D:1)
317 creatures vanquished.

Vanquished Creatures (collateral kills)
  An orc warlord (D:12)
  A boulder beetle (D:12)
  A cyclops (D:12)
  A slime creature (D:9)
  2 unseen horrors
  A queen bee (D:10)
  2 vampires
  A wraith (D:9)
  2 wargs (D:12)
  2 vampire mosquitoes (D:10)
  An orc warrior (D:10)
  2 kobold brigands (D:12)
  2 gnoll sergeants
  A wight (D:9)
  7 killer bees (D:10)
  3 vampire bats (Bailey)
  3 wolf zombies (Bailey)
  A jelly (D:9)
  2 gnoll boudas (D:5)
  An orc priest (D:8)
  An orc wizard (D:11)
  13 gnolls
  2 adders (D:5)
  13 orcs
  2 kobolds (D:12)
  7 orc zombies (Bailey)
75 creatures vanquished.

Vanquished Creatures (others)
  2 ancestors (D:9)
  5 battlemagi
7 creatures vanquished.

Grand Total: 399 creatures vanquished

Notes
Turn   | Place    | Note
-------+----------+-------------------------------------------
     0 | D:1      | javelincjr the Troll Shapeshifter began the quest for the
                  | Orb.
     0 | D:1      | Reached XP level 1. HP: 18/18 MP: 0/0
    93 | D:1      | Reached skill level 1 in Fighting
   126 | D:1      | Reached XP level 2. HP: 27/27 MP: 1/1
  1033 | D:2      | Reached XP level 3. HP: 32/33 MP: 2/2
  1375 | D:2      | Found a radiant altar of Vehumet.
  1513 | D:2      | Reached XP level 4. HP: 41/41 MP: 3/3
  1818 | D:3      | Found a runed translucent door.
  1819 | D:3      | Noticed justen's ghost (amateur GnSh)
  1862 | D:3      | Reached XP level 5. HP: 49/49 MP: 4/4
  2001 | D:3      | Identified the +0 leather armour of Disappointment {rF+}
  2076 | D:3      | Noticed a phantom
  2095 | D:3      | Killed a phantom
  2096 | D:3      | Reached skill level 4 in Shapeshifting
  2150 | D:3      | Noticed Terence
  2161 | D:3      | Killed Terence
  2162 | D:3      | Reached XP level 6. HP: 39/59 MP: 5/5
  2369 | D:3      | Found a sacrificial altar of Ru.
  2436 | D:3      | Killed justen's ghost
  2767 | D:4      | Reached XP level 7. HP: 67/67 MP: 6/6
  2937 | D:4      | You fall into a shaft and drop 3 floors!
  3139 | D:6      | Reached skill level 5 in Unarmed Combat
  3258 | D:6      | Reached skill level 5 in Shapeshifting
  3265 | D:6      | Found Qionak's Distillery.
  3292 | D:6      | Found Biocky's General Store.
  3343 | D:6      | Reached XP level 8. HP: 61/78 MP: 7/7
  3380 | D:6      | Noticed Pikel
  3387 | D:6      | Killed Pikel
  3739 | D:6      | Found Toasask's General Store.
  3747 | D:6      | Noticed Sigmund
  3751 | D:6      | Killed Sigmund
  3752 | D:6      | Reached skill level 5 in Dodging
  3752 | D:6      | Reached skill level 6 in Shapeshifting
  3815 | D:6      | Found a staircase to the Ecumenical Temple.
  3824 | Temple   | Entered the Ecumenical Temple
  3837 | Temple   | Became a worshipper of Hepliaklqana the Forgotten
  3934 | D:6      | Found Utiptaapn's Armour Shop.
  3967 | D:6      | Reached XP level 9. HP: 81/87 MP: 8/8
  4079 | D:6      | Found Ihoumyil's Antique Weapon Boutique.
  4226 | D:6      | Bought a potion of heal wounds for 50 gold pieces
  4332 | D:7      | Found a bloodstained altar of Trog.
  4482 | D:7      | Reached skill level 5 in Fighting
  4526 | D:7      | Reached skill level 1 in Invocations
  4858 | D:8      | Reached skill level 7 in Shapeshifting
  4877 | D:8      | Found Lulados's Armour Shop.
  4934 | D:8      | Found a glowing golden altar of the Shining One.
  4939 | D:8      | Found a stormy altar of Qazlal.
  4941 | D:8      | Found a shadowy altar of Dithmenos.
  4941 | D:8      | Found a blossoming altar of Fedhas.
  4983 | D:8      | Reached * piety under Hepliaklqana
  5028 | D:8      | Noticed Grum
  5035 | D:8      | Killed Grum
  5036 | D:8      | Reached XP level 10. HP: 58/88 MP: 10/10
  5317 | D:9      | Paralysed by a hornet for 3 turns
  5323 | D:9      | Reached skill level 8 in Shapeshifting
  5400 | D:9      | Noticed a two-headed ogre
  5420 | D:9      | Killed a two-headed ogre
  5622 | D:9      | Found a staircase to the Lair.
  5780 | D:9      | Found a runed translucent gate.
  5780 | D:9      | Found a runed translucent gate.
  5781 | D:9      | Found a runed translucent gate.
  5781 | D:9      | Noticed wormstring's ghost (novice DrSh)
  5963 | D:9      | Reached skill level 9 in Shapeshifting
  5998 | D:9      | Reached ** piety under Hepliaklqana
  5999 | D:9      | Remembered your ancestor Khabaw as a battlemage
  6030 | D:9      | Reached XP level 11. HP: 96/96 MP: 13/13
  6299 | D:9      | Found a viscous altar of Jiyva.
  6319 | D:10     | Entered Level 10 of the Dungeon
  6376 | D:10     | Found Innaf's Distillery.
  6452 | D:10     | Found a flagged portal.
  6455 | D:10     | Noticed a two-headed ogre
  6480 | D:10     | Killed a two-headed ogre
  6558 | Bailey   | Entered a bailey
  6761 | Bailey   | Got the Anthology of Misfortune
  7217 | D:10     | Reached skill level 5 in Invocations
  7296 | D:10     | Noticed Snorg
  7297 | D:10     | Noticed Nergalle
  7302 | D:10     | Reached skill level 10 in Shapeshifting
  7306 | D:10     | Killed Snorg
  7339 | D:10     | Killed Nergalle
  7501 | D:10     | Found a sparkling altar of Nemelex Xobeh.
  7522 | D:10     | Reached *** piety under Hepliaklqana
  7764 | D:5      | Entered Level 5 of the Dungeon
  8174 | D:5      | Found an ornate altar of the Wu Jian Council.
  8694 | D:9      | Killed wormstring's ghost
  8695 | D:9      | Reached XP level 12. HP: 87/106 MP: 15/15
  9078 | D:11     | Noticed a two-headed ogre
  9105 | D:11     | Killed a two-headed ogre
  9315 | D:11     | Noticed a boulder beetle
  9327 | D:11     | Killed a boulder beetle
  9330 | D:11     | Noticed a two-headed ogre
  9337 | D:11     | Killed a two-headed ogre
  9338 | D:11     | Reached skill level 1 in Armour
  9338 | D:11     | Reached skill level 1 in Shields
  9339 | D:11     | Reached skill level 11 in Shapeshifting
  9611 | D:12     | Noticed a boulder beetle
  9629 | D:12     | Killed a boulder beetle
  9675 | D:12     | Found a staircase to the Orcish Mines.
  9787 | D:12     | Reached **** piety under Hepliaklqana
  9823 | D:12     | Found Ziatec's Book Boutique.
  9887 | D:12     | Reached skill level 1 in Evocations
 10107 | Orc:1    | Entered Level 1 of the Orcish Mines
 10107 | Orc:1    | Noticed an orc warlord
 10141 | D:12     | Killed an orc warlord
 10144 | D:12     | Slain by an orc warrior

Illustrated notes

Levels and vault maps discovered:
D:1:      scummos_arrival_star, layout_basic, serial_forest,
          infiniplex_forest_diagonal, infiniplex_forest_clump_C,
          infiniplex_forest_end_3, infiniplex_forest_straight_2,
          infiniplex_forest_clump_curved, infiniplex_forest_straight_2,
          infiniplex_forest_clump_double
D:2:      layout_loops_ring, basic_altar
D:3:      layout_rooms, marbit_many_paths, hellmonk_ghost_happy_afterlife,
          uniq_terence
D:4:      layout_loops_cross
D:5:      layout_cave_pools, mainiacjoe_overflow_boulevard, serial_gnoll_camp,
          gnoll_camp_mini_basic, gnoll_camp_mini_basic, gnoll_camp_mini_basic,
          gnoll_camp_mini_house, gnoll_camp_mini_loothouse, gnoll_camp_medium_01
D:6:      layout_loops_corners, minmay_temple_entry_antechambers, serial_shops,
          shop, shop, nicolae_shop_tiny_real_fake_doors, shop,
          nicolae_inconvenience_store, uniq_sigmund, uniq_pikel
D:7:      kennysheep_big_flooded_room, layout_rooms,
          mainiacjoe_overflow_small_starburst
D:8:      layout_rooms, grunt_temple_overflow_open, serial_shops, shop,
          uniq_grum
D:9:      layout_roguey, david_lair_generic, gammafunk_ghost_ooze,
          corexii_hall_statues_s
D:10:     layout_roguey [special_room_bee], lemuel_round_altar, serial_shops,
          shop, enter_bailey_6, uniq_snorg, uniq_nergalle
D:11:     layout_rooms, kennysheep_minor_cross, amcnicky_mini_pool_medium
D:12:     layout_basic, minmay_orc_entry_guard_dogs, serial_shops,
          nicolae_shop_stone
Temple:   nicolae_temple_great_sept
Orc:1:    layout_diamond_mine, basic_altar

Skill      XL: |  1  2  3  4  5  6  7  8  9 10 11 12 |
---------------+-------------------------------------+-----
Fighting       | 1 2 3 4 5 6 7 8 |  8.0
Dodging        | 2 3 4 5 6 7 8 |  8.2
Unarmed Combat | 4 5 6 7 8 9 |  9.9
Shapeshifting  | 4 5 6 7 9 10 11 | 11.4
Invocations    | 2 4 5 6 |  6.5
Armour         | 2 |  2.2
Shields        | 2 |  2.5
Evocations     | 1 |  1.3

Action                     |  1- 3 |  4- 6 |  7- 9 | 10-12 || total
---------------------------+-------+-------+-------+-------++-------
  Melee: Unarmed           |    10 |       |   181 |   642 ||   833
         Punch             |     4 |     8 |    10 |       ||    22
         Dagger            |   138 |    48 |       |       ||   186
         Short sword       |       |   111 |    45 |       ||   156
 Invoke: Ancestor Life: Ba |       |       |       |     1 ||     1
         Transference      |       |       |       |     1 ||     1
    Use: Scroll            |       |       |    17 |     6 ||    23
         Potion            |       |       |     1 |     1 ||     2
   Stab: Sleeping          |       |       |     1 |       ||     1
         Distracted        |       |       |       |     1 ||     1
 Armour: Animal skin       |    27 |    38 |    77 |    17 ||   159
         Steam dragon scal |       |       |       |   254 ||   254
         Troll leather arm |       |       |       |    47 ||    47
  Dodge: Dodged            |    42 |    64 |   134 |   424 ||   664
         Form:             |     1 |       |       |       ||     1
         Beast             |     1 |       |       |       ||     1
         Flux              |       |       |     1 |       ||     1

Table legend: (Time is in decaauts)
 A = Elapsed time spent in this place.
 B = Non-inter-level travel time spent in this place.
 C = Inter-level travel time spent in this place.
 D = Time resting spent in this place.
 E = Time spent auto-exploring this place.
 F = Levels seen in this place.
 G = Mean time per level.
                   A        B        C        D        E       F      G
               +--------+--------+--------+--------+--------+-----+--------+
         Total |   9986 |   9563 |    423 |    315 |   6527 |  15 |  665.7 |
       Dungeon |   9571 |   9148 |    423 |    299 |   6357 |  12 |  797.6 |
        Temple |     51 |     51 |      0 |      0 |      0 |   1 |   51.0 |
  Orcish Mines |      4 |      4 |      0 |      0 |      0 |   1 |    4.0 |
        Bailey |    359 |    359 |      0 |     16 |    170 |   1 |  359.0 |
               +--------+--------+--------+--------+--------+-----+--------+

Top non-repeatable levels by time:
     D:9: 1217 daAuts
     D:6: 1180 daAuts
     D:1: 1071 daAuts
    D:10: 1070 daAuts
     D:2: 716 daAuts
     D:5: 683 daAuts
     D:7: 678 daAuts
     D:3: 648 daAuts
    D:11: 610 daAuts
     D:4: 586 daAuts
    D:12: 583 daAuts
     D:8: 524 daAuts
  Bailey: 359 daAuts
  Temple: 51 daAuts
   Orc:1: 4 daAuts
